TOP OF THE 1ST |
Chicago (APP) Cubs batting - Pitching for Philadelphia (APP) Phillies : LHP Gilg Martin
|
Pitching: LHP Gilg Martin
|
|
Batting: RHB Lencho Otieno
|
0-0: Ball 1-0: Called Strike 1-1: Foul Ball, location: 2F 1-2: Strikes out looking
|
Batting: RHB Jorge Gonzalez
|
0-0: Ball 1-0: SINGLE (Groundball, 34D, EV 101.9 MPH) (infield hit)
|
Batting: RHB Dustin Goldsborough
|
0-0: Called Strike Jorge Gonzalez steals 2nd base 0-1: Swinging Strike 0-2: Ball 1-2: Foul Ball, location: 2F 1-2: Foul Ball, location: 2F 1-2: Foul Ball, location: 2F 1-2: Strikes out looking
|
Batting: RHB Andy Baumhardt
|
0-0: Ground out 6-3 (Groundball, 6MS, EV 84.4 MPH)
|
Top of the 1st over - 0 runs, 1 hit, 0 errors, 1 left on base; Chicago (APP) 0 - Philadelphia (APP) 0 |
BOTTOM OF THE 1ST |
Philadelphia (APP) Phillies batting - Pitching for Chicago (APP) Cubs : RHP Bobby Almonte
|
Pitching: RHP Bobby Almonte
|
|
Batting: LHB Jonathan Roman
|
0-0: Ball 1-0: Fly out, F9 (Flyball, 9S, EV 86.2 MPH)
|
Batting: RHB Dave Gallegos
|
0-0: Ball 1-0: Ball 2-0: Ball 3-0: Called Strike 3-1: Called Strike 3-2: Foul Ball, location: 2F 3-2: Ground out 6-3 (Groundball, 6, EV 88.8 MPH)
|
Batting: LHB Rich Kuehne
|
0-0: Called Strike 0-1: Reached on error, E6 (Groundball, 6S, EV 85.6 MPH)
|
Batting: SHB Brett St. Clair
|
0-0: Ball 1-0: 2-RUN HOME RUN (Flyball, 7LD, EV 95.0 MPH), Distance : 377 ft
|
Batting: RHB Juan Valadez
|
0-0: Ball 1-0: Ball 2-0: SINGLE (Groundball, 6D, EV 94.4 MPH)
|
Batting: RHB Simon Mergeni
|
0-0: Called Strike 0-1: Ball 1-1: 2-RUN HOME RUN (Flyball, 9LD, EV 95.0 MPH), Distance : 358 ft
|
Batting: LHB Travis Hahn
|
0-0: Ball 1-0: Ball 2-0: Ball 3-0: Called Strike 3-1: Base on Balls
|
Batting: RHB Joel Gomez
|
0-0: Ball 1-0: Ball 2-0: Ball 3-0: Base on Balls Travis Hahn to second
|
Batting: RHB Rafael Soto
|
0-0: SINGLE (Groundball, 6MS, EV 66.9 MPH) (infield hit) Travis Hahn to third Joel Gomez to second
|
Batting: LHB Jonathan Roman
|
0-0: Ball 1-0: Called Strike 1-1: Ball 2-1: Foul Ball, location: 2F 2-2: Ball 3-2: Foul Ball, location: 2F 3-2: Foul Ball, location: 2F 3-2: Base on Balls Travis Hahn scores Joel Gomez to third Rafael Soto to second
|
Batting: RHB Dave Gallegos
|
0-0: Ball 1-0: Ball 2-0: Called Strike 2-1: Ball Wild Pitch! Joel Gomez scores Rafael Soto to third Jonathan Roman to second 3-1: Ground out 4-3 (Groundball, 4, EV 90.0 MPH)
|
Bottom of the 1st over - 6 runs, 4 hits, 1 error, 2 left on base; Chicago (APP) 0 - Philadelphia (APP) 6 |
TOP OF THE 2ND |
Chicago (APP) Cubs batting - Pitching for Philadelphia (APP) Phillies : LHP Gilg Martin
|
Batting: SHB Jim Lloyd
|
0-0: Called Strike 0-1: SINGLE (Groundball, 4M, EV 107.5 MPH) (infield hit)
|
Batting: RHB Juan Lira
|
0-0: Ball 1-0: Called Strike 1-1: Foul Ball, location: 2F 1-2: Ball 2-2: Ball 3-2: SINGLE (Groundball, 56D, EV 95.6 MPH) Jim Lloyd to second
|
Batting: LHB Jose Mafano
|
0-0: Ball 1-0: Called Strike 1-1: Ball 2-1: Foul Ball, location: 2F 2-2: Strikes out swinging
|
Batting: RHB Andy Villarreal
|
0-0: Ball 1-0: Called Strike 1-1: Ball 2-1: Ball 3-1: Called Strike 3-2: Foul Ball, location: 2F 3-2: Base on Balls Jim Lloyd to third Juan Lira to second
|
Batting: RHB Masato Iwase
|
0-0: Ball 1-0: Foul Ball, location: 2F 1-1: Called Strike 1-2: Foul Ball, location: 2F 1-2: Ball 2-2: Strikes out swinging
|
Batting: RHB Lencho Otieno
|
0-0: Called Strike 0-1: Ball Passed Ball! Jim Lloyd scores Juan Lira to third Andy Villarreal to second 1-1: Swinging Strike 1-2: Ball 2-2: Ground out 5-3 (Groundball, 56, EV 98.1 MPH)
|
Top of the 2nd over - 1 run, 2 hits, 0 errors, 2 left on base; Chicago (APP) 1 - Philadelphia (APP) 6 |
BOTTOM OF THE 2ND |
Philadelphia (APP) Phillies batting - Pitching for Chicago (APP) Cubs : RHP Bobby Almonte
|
Batting: LHB Rich Kuehne
|
0-0: Ball 1-0: Called Strike 1-1: Ball 2-1: Ball 3-1: Base on Balls
|
Batting: SHB Brett St. Clair
|
0-0: Called Strike 0-1: Swinging Strike 0-2: Ball 1-2: 2-RUN HOME RUN (Flyball, 89XD, EV 105.0 MPH), Distance : 386 ft
|
Batting: RHB Juan Valadez
|
0-0: Foul Ball, location: 2F 0-1: Ball 1-1: Ball 2-1: Ball 3-1: Swinging Strike 3-2: Base on Balls
|
Batting: RHB Simon Mergeni
|
0-0: Called Strike 0-1: Foul Ball, location: 2F 0-2: 2-RUN HOME RUN (Flyball, 89XD, EV 100.6 MPH), Distance : 397 ft
|
Batting: LHB Travis Hahn
|
0-0: Called Strike 0-1: SINGLE (Groundball, 4MD, EV 98.1 MPH)
|
Batting: RHB Joel Gomez
|
0-0: Ball 1-0: 2-RUN HOME RUN (Flyball, 7D, EV 101.9 MPH), Distance : 379 ft
|
Batting: RHB Rafael Soto
|
0-0: Ground out 6-3 (Groundball, 6MD, EV 103.8 MPH)
|
Batting: LHB Jonathan Roman
|
0-0: Ball 1-0: Ground out 4-3 (Groundball, 4, EV 81.2 MPH)
|
Batting: RHB Dave Gallegos
|
0-0: SINGLE (Line Drive, 6D, EV 105.6 MPH)
|
Batting: LHB Rich Kuehne
|
0-0: Foul Ball, location: 2F 0-1: Foul Ball, location: 2F 0-2: Ball 1-2: Ball 2-2: Ball 3-2: Foul Ball, location: 2F 3-2: Foul Ball, location: 2F 3-2: Foul Ball, location: 2F 3-2: Base on Balls Dave Gallegos to second
|
Batting: SHB Brett St. Clair
|
0-0: Ball 1-0: DOUBLE (Line Drive, 78D, EV 101.2 MPH) Dave Gallegos scores Rich Kuehne to third
|
Batting: RHB Juan Valadez
|
0-0: Ground out 1-3 (Groundball, 13S, EV 71.2 MPH)
|
Bottom of the 2nd over - 7 runs, 6 hits, 0 errors, 2 left on base; Chicago (APP) 1 - Philadelphia (APP) 13 |
TOP OF THE 3RD |
Chicago (APP) Cubs batting - Pitching for Philadelphia (APP) Phillies : LHP Gilg Martin
|
Batting: RHB Jorge Gonzalez
|
0-0: Ball 1-0: Ground out 6-3 (Groundball, 6, EV 101.2 MPH)
|
Batting: RHB Dustin Goldsborough
|
0-0: Hit by Pitch
|
Batting: RHB Andy Baumhardt
|
0-0: Ball 1-0: Ball 2-0: 2-RUN HOME RUN (Flyball, 78XD, EV 96.9 MPH), Distance : 403 ft
|
Batting: SHB Jim Lloyd
|
0-0: Ball 1-0: Ball 2-0: Ball 3-0: Called Strike 3-1: Called Strike 3-2: Strikes out swinging
|
Batting: RHB Juan Lira
|
0-0: Called Strike 0-1: Ball 1-1: Swinging Strike 1-2: Ball 2-2: Foul Ball, location: 2F 2-2: Strikes out looking
|
Top of the 3rd over - 2 runs, 1 hit, 0 errors, 0 left on base; Chicago (APP) 3 - Philadelphia (APP) 13 |
BOTTOM OF THE 3RD |
Philadelphia (APP) Phillies batting - Pitching for Chicago (APP) Cubs : RHP Bobby Almonte
|
Batting: RHB Simon Mergeni
|
0-0: Ball 1-0: Swinging Strike 1-1: Ball 2-1: Ball 3-1: Base on Balls
|
Batting: LHB Travis Hahn
|
0-0: Foul Ball, location: 2F 0-1: Ball 1-1: SINGLE (Groundball, 6MD, EV 105.6 MPH) Simon Mergeni to second Runner from 2nd tries for 3rd, OUT! 8-5 Travis Hahn to second
|
Batting: RHB Joel Gomez
|
0-0: Fly out, F9 (Flyball, 89M, EV 84.4 MPH)
|
Batting: RHB Rafael Soto
|
0-0: SINGLE (Flyball, 34D, EV 82.5 MPH) Travis Hahn to third
|
Batting: LHB Jonathan Roman
|
0-0: Ball 1-0: Foul Ball, location: 2F 1-1: Ball 2-1: DOUBLE (Line Drive, 89D, EV 109.4 MPH) Travis Hahn scores Rafael Soto to third
|
Batting: RHB Dave Gallegos
|
0-0: Ball Passed Ball! Rafael Soto scores Jonathan Roman to third 1-0: Fly out, F9 (Flyball, 9D, EV 96.9 MPH)
|
Bottom of the 3rd over - 2 runs, 3 hits, 0 errors, 1 left on base; Chicago (APP) 3 - Philadelphia (APP) 15 |
TOP OF THE 4TH |
Chicago (APP) Cubs batting - Pitching for Philadelphia (APP) Phillies : LHP Gilg Martin
|
Batting: LHB Jose Mafano
|
0-0: Ball 1-0: Ball 2-0: Ball 3-0: Foul Ball, location: 2F 3-1: Foul Ball, location: 2F 3-2: Base on Balls
|
Batting: RHB Andy Villarreal
|
0-0: Called Strike 0-1: Ball 1-1: Swinging Strike 1-2: Foul Ball, location: 2F 1-2: Ball 2-2: Foul Ball, location: 2F 2-2: Strikes out looking
|
Batting: RHB Masato Iwase
|
0-0: Ball Jose Mafano is caught stealing 2nd base 2-4 1-0: Ball 2-0: Ball 3-0: Called Strike 3-1: Swinging Strike 3-2: Strikes out swinging
|
Top of the 4th over - 0 runs, 0 hits, 0 errors, 0 left on base; Chicago (APP) 3 - Philadelphia (APP) 15 |
BOTTOM OF THE 4TH |
Philadelphia (APP) Phillies batting - Pitching for Chicago (APP) Cubs : RHP Bobby Almonte
|
Batting: LHB Rich Kuehne
|
0-0: Called Strike 0-1: Ball 1-1: Swinging Strike 1-2: Ball 2-2: Foul Ball, location: 2F 2-2: Foul Ball, location: 2F 2-2: Ball 3-2: Base on Balls
|
Batting: SHB Brett St. Clair
|
0-0: Ball 1-0: Ball 2-0: Called Strike 2-1: Ball 3-1: Base on Balls Rich Kuehne to second
|
Batting: RHB Juan Valadez
|
0-0: Called Strike 0-1: Ball 1-1: Called Strike 1-2: Ball 2-2: 3-RUN HOME RUN (Flyball, 9LD, EV 92.5 MPH), Distance : 343 ft
|
Batting: RHB Simon Mergeni
|
0-0: Ball 1-0: Swinging Strike 1-1: Ball 2-1: Foul Ball, location: 2F 2-2: Ball 3-2: Foul Ball, location: 2F 3-2: Foul Ball, location: 2F 3-2: Base on Balls
|
Batting: LHB Travis Hahn
|
0-0: DOUBLE (Line Drive, 5D, EV 109.4 MPH) Simon Mergeni to third
|
Batting: RHB Joel Gomez
|
0-0: Ball 1-0: Called Strike 1-1: Ball 2-1: Foul Ball, location: 2F 2-2: Ball 3-2: Base on Balls
|
Batting: RHB Rafael Soto
|
0-0: Swinging Strike 0-1: Ball 1-1: Ball 2-1: Ball 3-1: Called Strike 3-2: Base on Balls Simon Mergeni scores Travis Hahn to third Joel Gomez to second
|
Batting: LHB Jonathan Roman
|
0-0: Called Strike 0-1: Ball 1-1: Ball 2-1: Foul Ball, location: 2F 2-2: Ball 3-2: Base on Balls Travis Hahn scores Joel Gomez to third Rafael Soto to second
|
Batting: RHB Dave Gallegos
|
0-0: Ball 1-0: Ball 2-0: Ball 3-0: Base on Balls Joel Gomez scores Rafael Soto to third Jonathan Roman to second
|
Batting: LHB Rich Kuehne
|
0-0: Ball 1-0: Called Strike 1-1: Ball 2-1: Swinging Strike 2-2: Foul Ball, location: 2F 2-2: Ball 3-2: Base on Balls Rafael Soto scores Jonathan Roman to third Dave Gallegos to second
|
Batting: SHB Brett St. Clair
|
0-0: GRAND SLAM HOME RUN (Flyball, 89XD, EV 103.8 MPH), Distance : 420 ft
|
Batting: RHB Juan Valadez
|
0-0: Called Strike 0-1: Ground out 6-3 (Groundball, 6S, EV 83.8 MPH)
|
Batting: RHB Simon Mergeni
|
0-0: Ball 1-0: Ball 2-0: Called Strike 2-1: Foul Ball, location: 2F 2-2: Ball 3-2: Base on Balls
|
Batting: LHB Travis Hahn
|
0-0: Swinging Strike 0-1: Ball 1-1: Foul Ball, location: 2F 1-2: Grounds into double play, 6-4-3 (Groundball, 6, EV 80.0 MPH)
|
Bottom of the 4th over - 11 runs, 3 hits, 0 errors, 0 left on base; Chicago (APP) 3 - Philadelphia (APP) 26 |
TOP OF THE 5TH |
Chicago (APP) Cubs batting - Pitching for Philadelphia (APP) Phillies : LHP Gilg Martin
|
Pitching: RHP Hugo Rodriguez
|
|
Batting: RHB Lencho Otieno
|
0-0: Ball 1-0: Ball 2-0: Ball 3-0: Foul Ball, location: 2F 3-1: Called Strike 3-2: Strikes out swinging
|
Batting: RHB Jorge Gonzalez
|
0-0: Fly out, F9 (Line Drive, 9, EV 85.6 MPH)
|
Batting: RHB Dustin Goldsborough
|
0-0: Called Strike 0-1: Ball 1-1: Swinging Strike 1-2: Strikes out swinging
|
Top of the 5th over - 0 runs, 0 hits, 0 errors, 0 left on base; Chicago (APP) 3 - Philadelphia (APP) 26 |
BOTTOM OF THE 5TH |
Philadelphia (APP) Phillies batting - Pitching for Chicago (APP) Cubs : RHP Bobby Almonte
|
Batting: RHB Joel Gomez
|
0-0: Ball 1-0: Ball 2-0: Ball 3-0: Base on Balls
|
Batting: RHB Rafael Soto
|
0-0: Ball 1-0: Ball 2-0: Ball 3-0: Called Strike 3-1: Grounds into double play, 4-6-3 (Groundball, 4, EV 105.6 MPH)
|
Batting: LHB Jonathan Roman
|
0-0: Ball 1-0: Called Strike 1-1: Ball 2-1: Ball 3-1: Foul Ball, location: 2F 3-2: Base on Balls
|
Batting: RHB Dave Gallegos
|
0-0: Foul Ball, location: 2F 0-1: Foul Ball, location: 2F 0-2: Ball 1-2: Strikes out swinging, 2-3 out at first.
|
Bottom of the 5th over - 0 runs, 0 hits, 0 errors, 1 left on base; Chicago (APP) 3 - Philadelphia (APP) 26 |
TOP OF THE 6TH |
Chicago (APP) Cubs batting - Pitching for Philadelphia (APP) Phillies : RHP Hugo Rodriguez
|
Batting: RHB Andy Baumhardt
|
0-0: Foul Ball, location: 2F 0-1: Ball 1-1: Ball 2-1: Foul Ball, location: 2F 2-2: Ball 3-2: Foul Ball, location: 2F 3-2: Fly out, F8 (Flyball, 8RD, EV 107.5 MPH)
|
Batting: SHB Jim Lloyd
|
0-0: Ball 1-0: Ball 2-0: Foul Ball, location: 2F 2-1: Swinging Strike 2-2: Ball 3-2: Strikes out swinging
|
Batting: RHB Juan Lira
|
0-0: Ball 1-0: Foul Ball, location: 2F 1-1: Foul Ball, location: 2F 1-2: Ground out 5-3 (Groundball, 56S, EV 86.9 MPH)
|
Top of the 6th over - 0 runs, 0 hits, 0 errors, 0 left on base; Chicago (APP) 3 - Philadelphia (APP) 26 |
BOTTOM OF THE 6TH |
Philadelphia (APP) Phillies batting - Pitching for Chicago (APP) Cubs : RHP Bobby Almonte
|
Batting: LHB Rich Kuehne
|
0-0: Called Strike 0-1: Foul Ball, location: 2F 0-2: Ball 1-2: Ball 2-2: Ball 3-2: Fly out, F4 (Flyball, 34D, EV 88.1 MPH)
|
Batting: SHB Brett St. Clair
|
0-0: Fly out, F7 (Flyball, 78D, EV 91.2 MPH)
|
Batting: RHB Juan Valadez
|
0-0: Foul Ball, location: 2F 0-1: SINGLE (Groundball, 34D, EV 102.5 MPH)
|
Batting: RHB Simon Mergeni
|
0-0: Swinging Strike 0-1: Ball 1-1: Foul Ball, location: 2F 1-2: Foul Ball, location: 2F 1-2: Ball 2-2: Ball 3-2: Base on Balls Juan Valadez to second
|
Batting: LHB Travis Hahn
|
0-0: Ball 1-0: Foul Ball, location: 2F 1-1: Foul Ball, location: 2F 1-2: DOUBLE (Line Drive, 78D, EV 105.0 MPH) Juan Valadez scores Simon Mergeni to third
|
Batting: RHB Joel Gomez
|
0-0: Foul Ball, location: 2F 0-1: Fly out, F7 (Flyball, 78S, EV 82.5 MPH)
|
Bottom of the 6th over - 1 run, 2 hits, 0 errors, 2 left on base; Chicago (APP) 3 - Philadelphia (APP) 27 |
TOP OF THE 7TH |
Chicago (APP) Cubs batting - Pitching for Philadelphia (APP) Phillies : RHP Hugo Rodriguez
|
Pitching: LHP Marc Haigler
|
|
Batting: LHB Jose Mafano
|
0-0: Called Strike 0-1: Foul Ball, location: 2F 0-2: Ball 1-2: Ball 2-2: Ball 3-2: Strikes out looking
|
Batting: RHB Andy Villarreal
|
0-0: Swinging Strike 0-1: Ball 1-1: Ball 2-1: Fly out, F7 (Flyball, 7LSF, EV 97.5 MPH)
|
Batting: RHB Masato Iwase
|
0-0: Ball 1-0: Called Strike 1-1: Swinging Strike 1-2: Ball 2-2: Foul Ball, location: 2F 2-2: Foul Ball, location: 2F 2-2: Strikes out swinging
|
Top of the 7th over - 0 runs, 0 hits, 0 errors, 0 left on base; Chicago (APP) 3 - Philadelphia (APP) 27 |
BOTTOM OF THE 7TH |
Philadelphia (APP) Phillies batting - Pitching for Chicago (APP) Cubs : RHP Bobby Almonte
|
Batting: RHB Rafael Soto
|
0-0: Called Strike 0-1: Swinging Strike 0-2: Ball 1-2: Ball 2-2: Strikes out looking
|
Pinch Hitting: RHB Allen Deschamps
|
0-0: Ball 1-0: Called Strike 1-1: Swinging Strike 1-2: Ball 2-2: Ball 3-2: Base on Balls
|
Pinch Hitting: LHB Victor Estrada
|
0-0: Fielders Choice at 2nd, 3-6 (Groundball, 34, EV 83.1 MPH)
|
Batting: LHB Rich Kuehne
|
0-0: Called Strike 0-1: 2-RUN HOME RUN (Flyball, 78XD, EV 98.8 MPH), Distance : 388 ft
|
Batting: SHB Brett St. Clair
|
0-0: Ball 1-0: Ball 2-0: Ball 3-0: Called Strike 3-1: Base on Balls
|
Batting: RHB Juan Valadez
|
0-0: Ball 1-0: SINGLE (Groundball, 34D, EV 95.0 MPH) (infield hit) Brett St. Clair to second
|
Batting: RHB Simon Mergeni
|
0-0: Fly out, F7 (Flyball, 7D, EV 98.1 MPH)
|
Bottom of the 7th over - 2 runs, 2 hits, 0 errors, 2 left on base; Chicago (APP) 3 - Philadelphia (APP) 29 |
TOP OF THE 8TH |
Chicago (APP) Cubs batting - Pitching for Philadelphia (APP) Phillies : LHP Marc Haigler
|
Now at 2B: Victor Estrada
|
|
Now at SS: Allen Deschamps
|
|
Batting: RHB Lencho Otieno
|
0-0: Ball 1-0: Ball 2-0: Called Strike 2-1: SINGLE (Line Drive, 34D, EV 99.4 MPH)
|
Batting: RHB Jorge Gonzalez
|
0-0: Ball 1-0: Ball 2-0: Ball 3-0: Swinging Strike 3-1: Swinging Strike 3-2: Foul Ball, location: 2F 3-2: Fielders Choice at 2nd, 1-4 (Groundball, 15S, EV 75.0 MPH)
|
Batting: RHB Dustin Goldsborough
|
0-0: Ball 1-0: Ball 2-0: Foul Ball, location: 2F 2-1: Foul Ball, location: 2F 2-2: Strikes out swinging
|
Batting: RHB Andy Baumhardt
|
0-0: Ball 1-0: Ball 2-0: Reached on error, E6 (Groundball, 6, EV 86.9 MPH) Jorge Gonzalez to second
|
Batting: SHB Jim Lloyd
|
0-0: Ball 1-0: Ground out U3 (Groundball, 3, EV 80.6 MPH)
|
Top of the 8th over - 0 runs, 1 hit, 1 error, 2 left on base; Chicago (APP) 3 - Philadelphia (APP) 29 |
BOTTOM OF THE 8TH |
Philadelphia (APP) Phillies batting - Pitching for Chicago (APP) Cubs : RHP Bobby Almonte
|
Batting: LHB Travis Hahn
|
0-0: Ball 1-0: Ball 2-0: Ball 3-0: Base on Balls
|
Batting: RHB Joel Gomez
|
0-0: Called Strike 0-1: Ball 1-1: Foul Ball, location: 2F 1-2: Ball 2-2: Foul Ball, location: 2F 2-2: Foul Ball, location: 2F 2-2: Foul Ball, location: 2F 2-2: Ball Wild Pitch! Travis Hahn to second 3-2: Ground out 3-1 (Groundball, 34, EV 109.4 MPH) Travis Hahn to third
|
Batting: RHB Rafael Soto
|
0-0: Fly out, F9 (Line Drive, 9, EV 88.1 MPH) Runner from 3rd tags up, SCORES, throw by RF
|
Batting: RHB Allen Deschamps
|
0-0: Called Strike 0-1: Swinging Strike 0-2: Ball 1-2: Ball 2-2: Ball 3-2: Base on Balls
|
Batting: LHB Victor Estrada
|
0-0: Ground out 4-3 (Groundball, 4, EV 82.5 MPH)
|
Bottom of the 8th over - 1 run, 0 hits, 0 errors, 1 left on base; Chicago (APP) 3 - Philadelphia (APP) 30 |
TOP OF THE 9TH |
Chicago (APP) Cubs batting - Pitching for Philadelphia (APP) Phillies : LHP Marc Haigler
|
Batting: RHB Juan Lira
|
0-0: Foul Ball, location: 2F 0-1: Ball 1-1: Ball 2-1: Called Strike 2-2: Ball 3-2: Strikes out looking
|
Batting: LHB Jose Mafano
|
0-0: Ball 1-0: Foul Ball, location: 2F 1-1: Called Strike 1-2: Ball 2-2: Strikes out swinging
|
Batting: RHB Andy Villarreal
|
0-0: Called Strike 0-1: Called Strike 0-2: Ball 1-2: Ball 2-2: Foul Ball, location: 2F 2-2: Ball 3-2: Foul Ball, location: 2F 3-2: Base on Balls
|
Batting: RHB Masato Iwase
|
0-0: Called Strike 0-1: Foul Ball, location: 2F 0-2: Ball 1-2: Ball 2-2: Ball 3-2: Foul Ball, location: 2F 3-2: Strikes out swinging
|
Top of the 9th over - 0 runs, 0 hits, 0 errors, 1 left on base; Chicago (APP) 3 - Philadelphia (APP) 30 |
|